 Dungeon Crawl Stone Soup version 0.32-a0-913-g739538afd8 (webtiles) character file.

Game seed: 2508815179614703865

1233 GiantSquids the Cleaver (level 8, 0/94 HPs)
             Began as a Mountain Dwarf Fighter on Apr 9, 2024.
             Slain by a gnoll
             ... wielding a +0 spear
              (5 damage)
             ... on level 5 of the Dungeon.
             The game lasted 00:08:58 (3836 turns).

GiantSquids the Cleaver (Mountain Dwarf Fighter)    Turns: 3836, Time: 00:08:59

Health: 0/94       AC: 24    Str: 22    XL:     8   Next: 24%
Magic:  0/8        EV:  2    Int:  8    God:
Gold:   251        SH:  4    Dex:  9    Spells: 7/7 levels left

rFire   . . .        a - +0 war axe
rCold   + . .        c - +0 buckler
rNeg    . . .        b - melded +0 scale mail
rPois   +            (helmet currently unavailable)
rElec   .            (cloak currently unavailable)
rCorr   .            s - melded +0 pair of gloves
SInv    .            (boots currently unavailable)
Will    .....        l - amulet of guardian spirit
Stlth   +            i - ring of protection from cold
HPRegen 0.35/turn    r - +5 ring of evasion
MPRegen 0.11/turn

%: guardian spirit
@: tree-form
A: stationary, stasis, torment immunity, boosted hp, runic magic, artefact
enchanting
a: no special abilities


You were on level 5 of the Dungeon.
You were a tree.
You visited 1 branch of the dungeon, and saw 5 of its levels.

You collected 290 gold pieces.
You spent 39 gold pieces at shops.

Inventory:

Hand Weapons
 a - a +0 war axe (weapon)
Missiles
 p - a datura-tipped dart (quivered)
 q - 27 stones
Armour
 b - a +0 scale mail (melded)
 c - a +0 buckler (worn)
 s - a +0 pair of gloves (melded)
Jewellery
 i - a ring of protection from cold (left branch)
 l - an amulet of guardian spirit (around neck)
 r - a +5 ring of evasion (right branch)
Wands
 d - a wand of digging (3)
 w - a wand of polymorph (15)
Scrolls
 g - 2 scrolls of fog {unknown}
 h - 2 scrolls of amnesia {unknown}
 m - 4 scrolls of identify {unknown}
 o - a scroll of brand weapon {unknown}
 u - a scroll of fear {unknown}
 v - a scroll of poison {unknown}
 x - 2 scrolls of enchant armour {unknown}
Potions
 e - a potion of mutation {unknown}
 f - a potion of magic {unknown}
 j - a potion of heal wounds
 k - 5 potions of curing
 n - a potion of invisibility {unknown}
 t - 2 potions of attraction {unknown}
 z - a potion of lignification


   Skills:
 - Level 3.2 Fighting
 + Level 12.0 Axes
 - Level 3.2 Armour
 - Level 3.2 Shields


You had 7 spell levels left.
You didn't know any spells.
Your spell library contained the following spells:

 Spells                   Type           Power      Damage    Failure   Level
 Sandblast                Erth           0%         2d4       47%         1
 Fugue of the Fallen      Necr           0%         N/A       85%         3
 Ozocubu's Armour         Ice            0%         N/A       85%         3
 Passwall                 Erth           0%         N/A       85%         3
 Stone Arrow              Conj/Erth      0%         3d7       85%         3
 Teleport Other           Tloc           0%         N/A       85%         3
 Volatile Blastmotes      Fire/Tloc      0%         2d10      85%         3
 Brom's Barrelling Bould  Conj/Erth      0%         2d3       99%         4
 Fulminant Prism          Conj/Alch      0%         3d5       99%         4
 Iskenderun's Mystic Bla Conj/Tloc 0%             2d3        (+2d1     99%         4
 Vhi's Electric Charge    Tloc/Air       0%         N/A       99%         4
 Bombard                  Conj/Erth      0%         9d1       100%        6
 Dispersal                Tloc           0%         N/A       100%        6
 Gell's Gavotte           Tloc           0%         2d(11-16) 100%        6
 Manifold Assault         Tloc           0%         N/A       100%        7


Dungeon Overview and Level Annotations

Branches:
Dungeon (5/15)
 Temple: D:4-7

Altars:
Xom
Zin
The Shining One

Shops:
D:3 !   D:4 *((:

Annotations:
D:5 4 runed translucent doors


Innate Abilities, Weirdness & Mutations

You are a tree.
Your roots penetrate the ground, keeping you stationary.
You cannot be teleported.
You are immune to unholy pain and torment.
Your maximum health is greatly increased.
Your equipment is partially melded.
Your spellcasting is much less encumbered by armour.
You can use scrolls of enchantment on lesser artefacts.


Message History

You hit Pikel but do no damage.
Pikel is moderately wounded.
The gnoll hits you but does no damage. Pikel hits you but does no damage.
You slash Pikel!
Pikel is severely wounded.
The gnoll hits you but does no damage. Pikel barely misses you.
You closely miss Pikel.
Pikel is severely wounded.
The gnoll hits you from afar with a +0 spear.
* * * LOW HITPOINT WARNING * * *
Pikel hits you with a +0 whip of freezing.
* * * LOW HITPOINT WARNING * * *
Pikel freezes you.
* * * LOW HITPOINT WARNING * * *
You closely miss Pikel.
Pikel is severely wounded.
The gnoll hits you but does no damage. Pikel hits you but does no damage.
You slash Pikel!
Pikel is almost dead.
The gnoll hits you but does no damage.
Pikel hits you with a +0 whip of freezing!
* * * LOW HITPOINT WARNING * * *
Pikel freezes you.
* * * LOW HITPOINT WARNING * * *
You hit Pikel.
You kill Pikel!
With Pikel's spell broken, his former minion thanks you for its freedom.
The lemure departs this earthly plane.
The gnoll barely misses you.
Your Axes skill gained 2 levels and is now at level 12!
You have reached level 8!
You feel stronger.
You cannot move.
You cannot move.
Throw: 2 darts (datura)
Press: ? - help, Q - select action, (/) - cycle Shift-Dir - straight line, f - gnoll
Aim: a gnoll, wielding a +0 spear (54% to hit, chance to frenzy on hit: 100%)
You throw a datura-tipped dart. The datura-tipped dart hits the gnoll.
The gnoll flies into a frenzy!
The gnoll hits you from afar with a +0 spear.
You die...

..........+ ..........#
....###...##
...........#
...#.##....#####
...#..#....#...#
...#...........#
...##...##.#######
...##.#.##.....#♣#
...##.#.....##.#)#.#...
...##.#####.##.g§..K.#
#.###.# #......#####
..###.# #......#
...##.# #......# ...#
####'#.+ #..# #..##
#.## .


You could see a neutral gnoll (fast, strong, frenzied).

Vanquished Creatures
  Pikel (D:5)
  The ghost of Scrimshaw the Shooter, an amateur CoHs (D:3)
  The ghost of xianbchi the Firebug, an amateur DsFE (D:3)
  An ice beast (D:5)
  3 lemures (D:5)
  Blork the orc (D:5)
  The ghost of ratmeat3 the Trooper, a weakling OpFi (D:3)
  A howler monkey (D:4)
  2 hounds
  A jelly (D:4)
  An iguana (D:4)
  6 adders
  4 dart slugs
  3 orcs
  8 endoplasms
  4 giant cockroaches
  8 goblins
  6 hobgoblins
  3 jackals (D:2)
  11 kobolds
  4 quokkas
  5 ball pythons
  4 bats
  4 frilled lizards
  3 rats
87 creatures vanquished.

Vanquished Creatures (others)
  2 foxfires (D:3)
2 creatures vanquished.

Grand Total: 89 creatures vanquished

Notes
Turn   | Place    | Note
-------+----------+-------------------------------------------
     0 | D:1      | GiantSquids the Mountain Dwarf Fighter began the quest for
                  | the Orb.
     0 | D:1      | Reached XP level 1. HP: 19/19 MP: 1/1
   120 | D:1      | Reached skill level 3 in Axes
   130 | D:1      | Reached XP level 2. HP: 26/26 MP: 2/2
   673 | D:1      | Reached skill level 4 in Axes
   867 | D:2      | Reached XP level 3. HP: 30/31 MP: 1/3
   890 | D:2      | Found a glowing silver altar of Zin.
  1607 | D:2      | Reached skill level 5 in Axes
  1627 | D:2      | Reached XP level 4. HP: 27/38 MP: 4/4
  1925 | D:3      | Found Wokim's Distillery.
  1940 | D:3      | Bought a potion of curing for 39 gold pieces
  1992 | D:3      | Found a runed translucent gate.
  1992 | D:3      | Found a runed translucent gate.
  1992 | D:3      | Found a runed translucent gate.
  1993 | D:3      | Noticed ratmeat3's ghost (weakling OpFi)
  1993 | D:3      | Noticed Scrimshaw's ghost (amateur CoHs)
  1995 | D:3      | Noticed xianbchi's ghost (amateur DsFE)
  2085 | D:3      | Found a shimmering altar of Xom.
  2093 | D:3      | Reached skill level 6 in Axes
  2392 | D:3      | Reached XP level 5. HP: 45/45 MP: 5/5
  2573 | D:3      | Found a faded altar of an unknown god.
  2685 | D:3      | Killed xianbchi's ghost
  2686 | D:3      | Reached skill level 7 in Axes
  2688 | D:3      | Killed ratmeat3's ghost
  2689 | D:3      | Reached XP level 6. HP: 30/51 MP: 3/6
  2707 | D:3      | Killed Scrimshaw's ghost
  2708 | D:3      | Reached skill level 9 in Axes
  2827 | D:4      | Found a glowing golden altar of the Shining One.
  2843 | D:4      | Reached XP level 7. HP: 43/57 MP: 5/7
  2921 | D:4      | Found Athaot's Antique Weapon Boutique.
  2995 | D:4      | Found Yrigast's Assorted Antiques.
  3138 | D:4      | Found Gauliyn's Antique Weapon Boutique.
  3141 | D:4      | Found Adwal's Book Emporium.
  3568 | D:5      | Entered Level 5 of the Dungeon
  3621 | D:5      | Found a large runed translucent door.
  3621 | D:5      | Found a large runed translucent door.
  3638 | D:5      | Reached skill level 10 in Axes
  3640 | D:5      | Noticed a gargoyle
  3647 | D:5      | Found a large runed translucent door.
  3647 | D:5      | Found a large runed translucent door.
  3695 | D:5      | Noticed Blork the orc
  3703 | D:5      | Killed Blork the orc
  3769 | D:5      | Noticed Pikel
  3824 | D:5      | HP: 4/85 [Pikel/+0 whip of freezing (3)]
  3834 | D:5      | HP: 4/85 [Pikel/+0 whip of freezing (1)]
  3835 | D:5      | Killed Pikel
  3836 | D:5      | Reached skill level 12 in Axes
  3836 | D:5      | Reached XP level 8. HP: 4/63 MP: 1/8
  3836 | D:5      | Slain by a gnoll

Illustrated notes

Levels and vault maps discovered:
D:1:      spicycebolla_arrival_xxxplode, layout_basic
D:2:      layout_basic, basic_altar, st_stairs_9
D:3:      layout_basic, lemuel_crystal_altar, gammafunk_ghost_cemetery,
          hellmonk_ecumenical_altar_inner_sanctum, serial_shops, shop,
          minmay_cupped
D:4:      layout_basic, nicolae_tso_carved_into_rock, serial_shops,
          nicolae_shop_trees, nicolae_diamond_shop, shop,
          nicolae_shop_just_a_little_nook, serial_park_tiny_1
D:5:      layout_basic, grunt_temple_overflow_lords_of_destruction,
          zin_scriptorium, serial_shops, shop, kb_lookout_dungeons_type,
          minmay_hollow_rounded_squares, uniq_blork_the_orc, uniq_pikel

Skill      XL: |  1  2  3  4  5  6  7 |
---------------+----------------------+-----
Axes           | 3 4 5 6 7 9 12 | 12.0
Fighting       | |  3.2
Armour         | |  3.2
Shields        | |  3.2

Action                     |  1- 3 |  4- 6 |  7- 9 || total
---------------------------+-------+-------+-------++-------
  Melee: War axe           |   133 |    83 |   135 ||   351
  Throw: Dart              |       |       |     1 ||     1
    Use: Potion            |       |     1 |     3 ||     4
 Armour: Scale mail        |   105 |    31 |    65 ||   201
         Skin              |       |       |    32 ||    32
  Dodge: Dodged            |    51 |    60 |    67 ||   178
  Block: Buckler           |    23 |    18 |    25 ||    66

Table legend: (Time is in decaauts)
 A = Elapsed time spent in this place.
 B = Non-inter-level travel time spent in this place.
 C = Inter-level travel time spent in this place.
 D = Time resting spent in this place.
 E = Time spent auto-exploring this place.
 F = Levels seen in this place.
 G = Mean time per level.
                   A        B        C        D        E       F      G
               +--------+--------+--------+--------+--------+-----+--------+
         Total |   3897 |   3747 |    150 |      0 |   2914 |   5 |  779.4 |
       Dungeon |   3897 |   3747 |    150 |      0 |   2914 |   5 |  779.4 |
               +--------+--------+--------+--------+--------+-----+--------+

Top non-repeatable levels by time:
     D:2: 1141 daAuts
     D:3: 873 daAuts
     D:1: 824 daAuts
     D:4: 788 daAuts
     D:5: 269 daAuts
